 Dungeon Crawl Stone Soup version 0.29.0-11-gd7f09526c8 (webtiles) character file.

Game seed: 3181562462888325128

2997 smilodon the Shield-Bearer (level 9, -8/102 HPs)
             Began as a Demonspawn Fighter on Sept 2, 2022.
             Was a Priest of Uskayaw.
             Mangled by a boulder beetle (17 damage)
             ... on level 7 of the Dungeon.
             The game lasted 00:16:24 (7029 turns).

smilodon the Shield-Bearer (Demonspawn Fighter)     Turns: 7029, Time: 00:16:25

Health: -8/102     AC: 24    Str: 17    XL:     9   Next: 54%
Magic:  9/9        EV:  2    Int: 10    God:    Uskayaw [***...]
Gold:   366        SH:  0    Dex: 18    Spells: 8/8 levels left

rFire   . . .      SeeInvis .   a - +1 war axe
rCold   . . .      Faith    .   k - +0 kite shield
rNeg    . . .      Spirit   .   (body armour currently unavailable)
rPois   +          Reflect  .   (helmet currently unavailable)
rElec   .          Harm     .   (cloak currently unavailable)
rCorr   .          Rampage  .   (gloves currently unavailable)
Will    .....      Clarity  +   (boots currently unavailable)
Stlth   ++........ NoTele   +   (no amulet)
HPRegen 0.27/turn               f - ring of poison resistance
MPRegen 0.11/turn               d - +4 ring of evasion

@: confused, tree-form, ambrosia-drunk
A: stationary, stasis, torment immunity, boosted hp, (large bone plates 2),
powered by death 1, (weakness stinger 2), thin skeletal structure 1, clarity
a: Renounce Religion, Stomp, Line Pass


You were on level 7 of the Dungeon.
You worshipped Uskayaw.
Uskayaw was noncommittal.
You were a tree.
You visited 1 branch of the dungeon, and saw 7 of its levels.

You collected 366 gold pieces.

Inventory:

Hand Weapons
 a - a +1 war axe (weapon)
 o - a +0 short sword
 v - a +1 vampiric spear
Missiles
 w - 3 throwing nets (quivered)
Armour
 b - a +0 scale mail
 c - a +0 buckler
 g - a +1 cloak (melded)
 h - a +2 pair of gloves (melded)
 i - a +0 ring mail (melded)
 k - a +0 kite shield (worn)
 t - a +0 helmet (melded)
 x - an orb of guile
Jewellery
 d - a +4 ring of evasion (right branch)
 f - a ring of poison resistance (left branch)
 D - an amulet of magic regeneration
Wands
 p - a wand of paralysis (4)
 r - a wand of roots (13)
Scrolls
 l - a scroll of magic mapping
 s - a scroll of noise
 y - a scroll of amnesia
 z - 2 scrolls of identify
 C - 2 scrolls of fear
Potions
 m - 2 potions of attraction
 n - 2 potions of cancellation
 q - 3 potions of berserk rage
 u - 2 potions of haste
 A - a potion of lignification
 B - a potion of brilliance


   Skills:
 + Level 5.4 Fighting
 - Level 2.5 Axes
 - Level 3.1 Armour
 + Level 7.1 Dodging
 - Level 4.2 Stealth
 + Level 7.6 Shields
 + Level 2.3 Evocations


You had 8 spell levels left.
You didn't know any spells.
Your spell library contained the following spells:

 Spells                   Type           Power      Damage    Failure   Level
 Slow                     Hex            0%         N/A       67%         1
 Sublimation of Blood     Necr           0%         N/A       82%         2
 Confusing Touch          Hex            0%         N/A       96%         3
 Tukima's Dance           Hex            0%         N/A       96%         3
 Vampiric Draining        Necr           0%         2d6       96%         3
 Passage of Golubria      Tloc           0%         N/A       100%        4
 Petrify                  Tmut/Erth      0%         N/A       100%        4
 Irradiate                Conj/Tmut      0%         3d11      100%        5
 Yara's Violent Unravell  Hex/Tmut       0%         3d3       100%        5


Dungeon Overview and Level Annotations

Branches:
Dungeon (7/15)             Temple (0/1) D:7

Altars:
Ashenzari
Cheibriados
Fedhas
Ru
Uskayaw
Wu Jian
Yredelemnul

Shops:
D:3 (


Innate Abilities, Weirdness & Mutations

You are a tree.
Your roots penetrate the ground, keeping you stationary.
You cannot be teleported.
You are immune to unholy pain and torment.
Your maximum health is greatly increased.
Your equipment is partially melded.
((You are mostly covered in large bone plates. (SH +6)))
You regenerate a little health from kills.
((You have a tail ending in a sharp stinger.))
You have a somewhat thin skeletal structure. (Dex +2, Stealth+)
You possess an exceptional clarity of mind.


Message History

You tail-slap the boulder beetle, but do no damage.
The boulder beetle is moderately wounded.
The helpless boulder beetle fails to defend itself.
You hit the boulder beetle.
The boulder beetle is moderately wounded.
The helpless boulder beetle fails to defend itself.
You slash the boulder beetle!
The boulder beetle is heavily wounded.
The helpless boulder beetle fails to defend itself.
You hit the boulder beetle.
You tail-slap the boulder beetle, but do no damage.
The boulder beetle is heavily wounded.
The helpless boulder beetle fails to defend itself.
You hit the boulder beetle but do no damage.
The boulder beetle is heavily wounded.
The boulder beetle is no longer paralysed.
The boulder beetle bites you. You block the boulder beetle's attack.
You hit the boulder beetle.
The boulder beetle is severely wounded.
The boulder beetle bites you!
Uskayaw will force your foes to helplessly watch your dance.
Uskayaw prepares the audience for your solo!
The helpless boulder beetle fails to defend itself.
You slash the boulder beetle!
You tail-slap the boulder beetle, but do no damage.
The boulder beetle is severely wounded.
The boulder beetle is no longer paralysed.
The boulder beetle misses you. The boulder beetle bites you!!
* * * LOW HITPOINT WARNING * * *
It was a potion of lignification.
You turn into a tree.
Your +1 cloak melds into your body.
Your +0 helmet melds into your body.
Your +2 pair of gloves melds into your body.
Your +0 ring mail melds into your body.
Your roots penetrate the ground.
The boulder beetle bites you but does no damage.
You hit the boulder beetle but do no damage.
The boulder beetle is severely wounded.
You block the boulder beetle's attack.
You are confused.
You feel invigorated. The boulder beetle bites you!
You die...

... # ..# #. #
#.#
#.#######.####
#.#
####.............
#..
.........♣B......
#.#
######.#########
###.#### #.#
.......# #.#
.##>##.# #.#
.##.##.# #.#
.##.##.#######>#
###.##.........#
....############


You could see a boulder beetle.

Vanquished Creatures
  Grinder (D:5)
  6 yaks (D:6)
  A steam dragon (D:7)
  Edmund (D:5)
  A water moccasin (D:7)
  A black bear (D:7)
  An ogre (D:4)
  A centaur (D:5)
  A kobold brigand (D:6)
  3 necrophages
  2 gnoll sergeants
  2 bullfrogs
  2 scorpions (D:5)
  4 killer bees (D:7)
  4 hounds
  A gnoll bouda (D:6)
  2 iguanas
  An iron imp (D:5)
  An orc wizard (D:4)
  13 gnolls
  9 adders
  A white imp (D:6)
  2 ufetubi
  A worm (D:2)
  3 dart slugs
  4 orcs (D:4)
  5 ball pythons
  5 bats
  10 endoplasms
  4 goblins
  6 hobgoblins
  11 jackals
  16 kobolds
  4 quokkas
  5 frilled lizards
  7 rats
142 creatures vanquished.

Notes
Turn   | Place    | Note
-------+----------+-------------------------------------------
     0 | D:1      | smilodon the Demonspawn Fighter began the quest for the
                  | Orb.
     0 | D:1      | Reached XP level 1. HP: 18/18 MP: 1/1
    92 | D:1      | Gained mutation: You are partially covered in large bone
                  | plates. (SH +4) [demonic ancestry]
    92 | D:1      | Reached XP level 2. HP: 24/24 MP: 2/2
   472 | D:1      | Gained mutation: You have a small tail. [demonic ancestry]
   472 | D:1      | Reached XP level 3. HP: 14/29 MP: 3/3
   640 | D:1      | You fall into a shaft and drop 1 floor!
  1098 | D:2      | Reached skill level 1 in Stealth
  1168 | D:2      | Gained mutation: You regenerate a little health from kills.
                  | [demonic ancestry]
  1168 | D:2      | Reached XP level 4. HP: 28/35 MP: 4/4
  1183 | D:1      | Prayed at the altar of an unknown god.
  1183 | D:1      | Became a worshipper of Uskayaw the Reveller
  1183 | D:1      | Reached * piety under Uskayaw
  1520 | D:2      | Reached skill level 1 in Dodging
  1965 | D:3      | Found an ornate altar of the Wu Jian Council.
  2005 | D:3      | Found Modaufey's Weapon Shoppe.
  2489 | D:3      | Gained mutation: You possess an exceptional clarity of
                  | mind. [potion of mutation]
  2489 | D:3      | Gained mutation: You have a somewhat thin skeletal
                  | structure. (Dex +2, Stealth+) [potion of mutation]
  2518 | D:4      | Noticed an ogre
  2523 | D:4      | Reached ** piety under Uskayaw
  2526 | D:4      | Reached *** piety under Uskayaw
  2527 | D:4      | Killed an ogre
  2528 | D:4      | Reached XP level 5. HP: 41/41 MP: 5/5
  3124 | D:4      | Reached **** piety under Uskayaw
  3125 | D:4      | Gained mutation: You are mostly covered in large bone
                  | plates. (SH +6) [demonic ancestry]
  3125 | D:4      | Reached XP level 6. HP: 47/47 MP: 6/6
  3559 | D:4      | Found a sacrificial altar of Ru.
  3757 | D:4      | Found a blossoming altar of Fedhas.
  3931 | D:5      | Entered Level 5 of the Dungeon
  3931 | D:5      | Found a snail-covered altar of Cheibriados.
  3951 | D:5      | Noticed Edmund
  4223 | D:5      | Killed Edmund
  4224 | D:5      | Reached XP level 7. HP: 35/52 MP: 7/7
  4347 | D:5      | Reached skill level 1 in Evocations
  4349 | D:5      | Found a broken altar of Ashenzari.
  4600 | D:5      | Reached skill level 5 in Dodging
  4612 | D:5      | Noticed Grinder
  4640 | D:5      | Killed Grinder
  4641 | D:5      | Gained mutation: You have a tail ending in a sharp stinger.
                  | [demonic ancestry]
  4641 | D:5      | Reached XP level 8. HP: 19/60 MP: 8/8
  5260 | D:6      | Reached skill level 5 in Shields
  5541 | D:6      | Reached ***** piety under Uskayaw
  5544 | D:6      | Reached XP level 9. HP: 54/67 MP: 9/9
  5637 | D:6      | Reached skill level 5 in Fighting
  5984 | D:6      | Identified the +1 robe of Ukoej {rF++ Int-2 Dex+6}
  6097 | D:6      | Found a basalt altar of Yredelemnul.
  6219 | D:7      | Found a staircase to the Ecumenical Temple.
  6529 | D:7      | HP: 1/68 [steam dragon (4)]
  7011 | D:7      | Noticed a boulder beetle
  7026 | D:7      | HP: 2/68 [boulder beetle (21)]
  7029 | D:7      | Mangled by a boulder beetle

Illustrated notes

Levels and vault maps discovered:
D:1:      spicycebolla_arrival_ecumenical, layout_basic,
          chequers_serial_rivers_room_b
D:2:      layout_basic
D:3:      layout_loops_cross, mainiacjoe_overflow_tiny_flanked, serial_shops,
          nicolae_shop_statue_plus, grunt_decor_junction
D:4:      layout_cave_pools, mainiacjoe_overflow_alcove_2,
          nicolae_ru_awakened_eye
D:5:      layout_basic, old_standard_altar, slow_altar_1,
          amcnicky_mini_rare_corridor_liquid, uniq_edmund, uniq_grinder
D:6:      layout_basic, overflow_temple_1_default
D:7:      layout_loops_ring, minmay_temple_entry_mini_moons

Skill      XL: |  1  2  3  4  5  6  7  8  9 |
---------------+----------------------------+-----
Axes           | 2 |  2.5
Armour         | 3 |  3.1
Shields        | 3 4 6 7 |  7.6
Stealth        | 1 2 3 4 |  4.2
Dodging        | 2 3 4 5 6 7 |  7.1
Evocations     | 1 2 |  2.3
Fighting       | 4 5 |  5.4

Action                   |  1- 3 |  4- 6 |  7- 9 || total
-------------------------+-------+-------+-------++-------
Melee: War axe           |   104 |   161 |   270 ||   535
       Tailslap          |     4 |    22 |    42 ||    68
Invok: Stomp             |       |     1 |       ||     1
Evoke: Wand              |       |     7 |     9 ||    16
  Use: Potion            |     1 |     7 |     8 ||    16
       Scroll            |       |     9 |     5 ||    14
 Stab: Paralysed         |       |     2 |    21 ||    23
       Sleeping          |       |     4 |     5 ||     9
Armor: Scale mail        |    10 |       |       ||    10
       Ring mail         |    43 |    72 |    83 ||   198
       Skin              |       |       |     1 ||     1
Dodge: Dodged            |    50 |    89 |   171 ||   310
Block: Buckler           |    45 |    60 |       ||   105
       Kite shield       |       |    85 |   302 ||   387
